 Dungeon Crawl Stone Soup version 0.19.0-2-gae57169 (webtiles) character file.

750 hurricos the Poker (level 8, 0/57 HPs)
             Began as a Formicid Skald on Nov 2, 2016.
             Slain by a centaur (5 damage)
             ... on level 8 of the Dungeon on Nov 6, 2016.
             The game lasted 00:08:00 (5326 turns).

hurricos the Poker (Formicid Skald)                 Turns: 5326, Time: 00:08:00

Health: 0/57       AC:  6    Str: 16    XL:     8   Next: 6%
Magic:  7/11       EV: 10    Int: 15    God:
Gold:   242        SH:  3    Dex: 10    Spells: 4 memorised, 4 levels left

rFire  . . .     SeeInvis +     a - +0 spear
rCold  . . .     Gourm    .     v - +0 ring mail
rNeg   . . .     Faith    .     (no shield)
rPois  .         Spirit   .     (helmet unavailable)
rElec  .         Reflect  +     C - +0 cloak
rCorr  .         Harm     .     (no gloves)
MR     .....                    (no boots)
Stlth  ..........               s - +3 amulet of reflection
                                (no ring)
                                (no ring)

@: regenerating
A: permanent stasis, dig shafts and tunnels, four strong arms, antennae 3
a: Dig, Shaft Self


You were on level 8 of the Dungeon.
You were near starving.

You visited 1 branch of the dungeon, and saw 6 of its levels.
You also visited: Sewer.

You collected 242 gold pieces.

Inventory:

Hand Weapons
 a - a +0 spear (weapon)
 n - a +0 short sword of draining
Armour
 b - a +0 leather armour
 v - a +0 ring mail (worn)
 A - a +0 scale mail
 C - a +0 cloak (worn)
Jewellery
 s - a +3 amulet of reflection (around neck)
 w - an uncursed amulet of guardian spirit
Scrolls
 e - 2 scrolls of blinking {unknown}
 g - 2 scrolls of random uselessness {unknown}
 j - a scroll of fog {unknown}
 l - 4 scrolls of enchant weapon {unknown}
 o - a scroll of teleportation {unknown}
 p - 5 scrolls of identify {unknown}
 r - a scroll of remove curse {unknown}
 y - a scroll of fear {unknown}
 B - a scroll of enchant armour {unknown}
 D - a scroll of immolation {unknown}
Potions
 d - 3 potions of cancellation
 k - a potion of degeneration
 E - 3 potions of flight
Books
 c - a book of Battle

   Spells                             Type                      Level
   a - Infusion                       Charms                       1
   b - Shroud of Golubria             Charms/Translocation         2
   c - Song of Slaying                Charms                       2
   d - Spectral Weapon                Hexes/Charms                 3
   e - Regeneration                   Charms/Necromancy            3
Comestibles
 f - 2 meat rations
 h - a fruit
 i - a royal jelly
 m - 2 bread rations
 q - a beef jerky
 t - a slice of pizza


   Skills:
 - Level 2.3 Fighting
 - Level 7.9 Polearms
 - Level 1.2 Armour
 - Level 0.8 Dodging
 + Level 2.5 Spellcasting
 + Level 3.8 Charms
 * Level 1.2 Necromancy


You had 4 spell levels left.
You knew the following spells:

 Your Spells              Type           Power        Failure   Level  Hunger
a - Infusion              Chrm           ##..         12%         1    #......
c - Shroud of Golubria    Chrm/Tloc      #.........   28%         2    ###....
f - Regeneration          Chrm/Necr      #.........   45%         3    ###....
S - Song of Slaying       Chrm           ##......     17%         2    ###....


Dungeon Overview and Level Annotations

Branches:
Dungeon (5/15)
 Temple: D:4-7

Altars:
Nemelex Xobeh
Yredelemnul

Annotations:
D:1 exclusions: door and worm


Innate Abilities, Weirdness & Mutations

You are under a permanent stasis effect.
You can dig through walls and to a lower floor.
Your four strong arms can wield two-handed weapons with a shield.
You have a pair of large antennae on your head. (SInv)


Message History

Your skin crawls.
The bullfrog skeleton hits you.
* * * LOW HITPOINT WARNING * * *
You puncture the bullfrog skeleton!
The bullfrog skeleton is moderately damaged.
The bullfrog skeleton hits you.
* * * LOW HITPOINT WARNING * * *
The bullfrog skeleton hits you but does no damage.
Unknown command.
Okay, then.
Okay, then.
Okay, then.
Unknown command.
Are you sure you want to shaft yourself?
You are near starving!
You block the bullfrog skeleton's attack.
You begin to dig a shaft.
You continue digging a shaft.
The bullfrog skeleton closely misses you.
The centaur unwields an uncursed shortbow.
The centaur hits you.
You die...

.. ..# ...c...
...# ......#
....### .....#
....... ....#
##..... ....#
......c##....#
.......@#....#
......rZ(....#
.............#
.............#
..............#
................
....##.....####.
...# #.....# ...
#.....#


You could see a centaur, a quokka and a bullfrog skeleton.

Vanquished Creatures
  4 ogres
  A big kobold (Sewer)
  2 hounds
  An orc wizard (D:5)
  An orc priest (D:3)
  A worker ant (D:5)
  A river rat (Sewer)
  6 adders
  2 oozes
  An adder skeleton (D:4)
  A worm (D:5)
  A dart slug (D:3)
  A leopard gecko (D:3)
  18 orcs
  10 giant cockroaches
  8 goblins
  8 hobgoblins
  4 jackals
  2 quokkas
  A ball python (D:3)
  10 bats
  6 frilled lizards
  9 kobolds
  A leopard gecko skeleton (D:4)
  16 rats
116 creatures vanquished.

Notes
Turn   | Place    | Note
-------+----------+-------------------------------------------
     0 | D:1      | hurricos the Formicid Skald began the quest for the Orb.
     0 | D:1      | Reached XP level 1. HP: 16/16 MP: 3/3
   263 | D:1      | Reached XP level 2. HP: 20/22 MP: 0/5
   545 | D:1      | Learned a level 2 spell: Song of Slaying
   548 | D:1      | Learned a level 2 spell: Shroud of Golubria
   668 | D:1      | Reached XP level 3. HP: 18/28 MP: 1/6
  1342 | D:2      | Reached skill level 3 in Polearms
  1504 | D:2      | Upgraded the game from 0.19.0-1-g5985abe to 0.19.0-2-gae57169
  1554 | D:2      | Reached XP level 4. HP: 34/34 MP: 7/7
  2426 | D:3      | Reached skill level 4 in Polearms
  2426 | D:3      | Reached XP level 5. HP: 11/39 MP: 1/8
  3470 | D:4      | Reached skill level 5 in Polearms
  3617 | D:4      | Noticed an ogre
  3639 | D:4      | Killed an ogre
  3639 | D:4      | Reached XP level 6. HP: 28/45 MP: 9/9
  3864 | D:4      | Reached skill level 6 in Polearms
  3907 | D:5      | Entered Level 5 of the Dungeon
  3934 | D:5      | Learned a level 3 spell: Regeneration
  4007 | D:5      | Found a sparkling altar of Nemelex Xobeh.
  4009 | D:5      | Found a basalt altar of Yredelemnul.
  4036 | D:5      | Noticed an ogre
  4037 | D:5      | Noticed an ogre
  4058 | D:5      | Killed an ogre
  4058 | D:5      | Reached XP level 7. HP: 51/51 MP: 0/10
  4059 | D:5      | Reached skill level 7 in Polearms
  4158 | D:5      | Found a glowing drain.
  4166 | Sewer    | Entered a sewer
  4637 | Sewer    | Found a white marble altar of Elyvilon.
  5220 | D:5      | Reached skill level 1 in Necromancy
  5220 | D:5      | Reached XP level 8. HP: 43/57 MP: 0/11
  5320 | D:5      | You fall through a shaft for 3 floors!
  5326 | D:8      | Slain by a centaur

Skill      XL: |  1  2  3  4  5  6  7 |
---------------+----------------------+-----
Polearms       | 3 4 5 6 7 |  7.9
Necromancy     | 1 |  1.2
Fighting       | |  2.3
Armour         | |  1.2
Dodging        | |  0.8
Spellcasting   | |  2.5
Charms         | |  3.8

Action                   |  1- 3 |  4- 6 |  7- 9 || total
-------------------------+-------+-------+-------++-------
Melee: Spear             |   123 |   250 |   160 ||   533
       Unarmed           |       |     1 |       ||     1
 Cast: Infusion          |    19 |     4 |     4 ||    27
       Song of Slaying   |       |     4 |     6 ||    10
       Shroud of Golubri |       |     1 |     1 ||     2
       Regeneration      |       |       |     2 ||     2
 Abil: Dig               |       |     3 |       ||     3
       Shaft Self        |       |       |     2 ||     2
  Use: Potion            |       |     6 |     5 ||    11
  Eat: Chunk             |     2 |     4 |       ||     6
       Fruit             |       |     1 |       ||     1
       Bread ration      |       |     1 |       ||     1
       Meat ration       |       |       |     1 ||     1
Armor: Leather armour    |    17 |    16 |       ||    33
       Ring mail         |       |    45 |    36 ||    81
       Skin              |       |     1 |       ||     1
Dodge: Dodged            |    51 |    90 |    54 ||   195
Block: Other             |       |    23 |    19 ||    42
       Reflection        |       |     1 |     2 ||     3
